 Dungeon Crawl Stone Soup version 0.27-a0-869-g165b36e3f0 (webtiles) character file.

Game seed: 6808672468373396768

3042 robertstho the Protected (level 9, 0/80 HPs)
             Began as a Minotaur Delver on Apr 2, 2021.
             Was a Follower of the Shining One.
             Slain by an orc warrior
             ... wielding a +0 trident
              (6 damage)
             ... in a bailey.
             The game lasted 00:11:00 (9634 turns).

robertstho the Protected (Minotaur Delver)          Turns: 9634, Time: 00:11:00

Health: 0/80       AC: 12    Str: 19    XL:     9   Next: 56%
Magic:  10/10      EV:  7    Int:  7    God:    the Shining One [*.....]
Gold:   344        SH: 19    Dex: 13    Spells: 8/8 levels left

rFire    . . .     SeeInvis .   a - +1 hand axe
rCold    . . .     Faith    .   m - +0 tower shield
rNeg     + . .     Spirit   .   r - +3 scale mail {rPois}
rPois    +         Reflect  +   (helmet restricted)
rElec    .         Harm     .   (no cloak)
rCorr    .         Rampage  .   n - +0 pair of gloves
Will     .....                  (no boots)
Stlth    +.........             h - amulet of reflection
HPRegen  0.23/turn              d - ring of positive energy
MPRegen  0.12/turn              (no ring)

@: attractive, glowing
A: horns 2, retaliatory headbutt
a: Renounce Religion


You were in a bailey.
You worshipped the Shining One.
The Shining One was aware of your devotion.
You visited 2 branches of the dungeon, and saw 9 of its levels.
You also visited: Bailey.

You collected 344 gold pieces.

Inventory:

Hand Weapons
 a - a +1 hand axe (weapon)
Armour
 m - a +0 tower shield (worn)
 n - a +0 pair of gloves (worn)
 r - a +3 scale mail of poison resistance (worn)
 t - a +0 plate armour
Jewellery
 d - a ring of positive energy (left hand)
 h - an amulet of reflection (around neck)
Wands
 f - a wand of paralysis (6)
 g - a wand of digging (3)
Scrolls
 b - 2 scrolls of teleportation
 c - 4 scrolls of fog
 i - 4 scrolls of vulnerability {unknown}
 k - a scroll of enchant armour {unknown}
 l - 2 scrolls of enchant weapon
 p - 2 scrolls of noise {unknown}
 w - a scroll of holy word
Potions
 j - a potion of attraction
 o - 2 potions of magic
 q - 2 potions of mutation


   Skills:
 * Level 7.6 Fighting
 + Level 8.0 Axes
 * Level 9.0 Armour
 + Level 4.4 Dodging
 - Level 4.1 Stealth
 + Level 5.4 Shields
 * Level 3.5 Invocations


You had 8 spell levels left.
You didn't know any spells.
Your spell library contained the following spells:

 Spells                   Type           Power      Damage    Failure   Level
 Animate Skeleton         Necr           0%         N/A       100%        1
 Apportation              Tloc           0%         N/A       100%        1
 Beastly Appendage        Tmut           0%         N/A       100%        1
 Corona                   Hex            0%         N/A       100%        1
 Summon Small Mammal      Summ           0%         N/A       100%        1
 Call Imp                 Summ           0%         N/A       100%        2
 Slow                     Hex            0%         N/A       100%        2
 Wereblood                Tmut           0%         N/A       100%        2
 Call Canine Familiar     Summ           0%         N/A       100%        3
 Inner Flame              Hex/Fire       0%         N/A       100%        3
 Portal Projectile        Hex/Tloc       0%         N/A       100%        3
 Spider Form              Tmut/Pois      0%         N/A       100%        3
 Summon Guardian Golem    Hex/Summ       0%         N/A       100%        3
 Cause Fear               Hex            0%         N/A       100%        4
 Ice Form                 Ice/Tmut       0%         N/A       100%        4
 Leda's Liquefaction      Hex/Erth       0%         N/A       100%        4
 Summon Ice Beast         Ice/Summ       0%         N/A       100%        4
 Summon Lightning Spire   Summ/Air       0%         N/A       100%        4
 Hydra Form               Tmut           0%         N/A       100%        5


Dungeon Overview and Level Annotations

Branches:
Dungeon (8/15)             Temple (1/1) D:5            Lair (0/6) D:8
 Bailey (1/1)

Altars:
Ashenzari
Cheibriados
Dithmenos
Elyvilon
Fedhas
Gozag
Hepliaklqana
Kikubaaqudgha
Makhleb
Nemelex Xobeh
Okawaru
Qazlal
Ru
Sif Muna
Trog
Uskayaw
Vehumet
Wu Jian
Xom
Yredelemnul
Zin
The Shining One

Shops:
D:2 (

Annotations:
D:2 218 axe
D:5 Grinder


Innate Abilities, Weirdness & Mutations

You have a pair of horns on your head.
You reflexively headbutt those who attack you in melee.


Message History

You hit the orc. The orc hits you but does no damage.
You block the orc's attack. x2
Unknown command.
You hit the orc but do no damage.
The orc is severely wounded.
You hit the orc but do no damage. You block the orc's attack.
The orc hits you but does no damage. You block the orc's attack.
Unknown command.
You hit the orc.
You kill the orc!
You hit the orc but do no damage. The orc barely misses you.
An orc comes into view. It is wielding a +0 halberd.
You block the orc's attack. x2; You block the orc warrior's attack.
The orc hits you but does no damage. The orc closely misses you.
The orc hits you but does no damage. The orc is pulled toward you! x2
You barely miss the orc.
The orc shouts!
You hit the orc but do no damage.
You hear a shout!
You block the orc warrior's attack.
The orc hits you from afar with a +3 spear.
* * * LOW HITPOINT WARNING * * *
You block the orc's attack. The orc hits you but does no damage.
You block the orc warrior's attack. The orc is pulled toward you!
Okay, then.
You hit the orc but do no damage. x3; You block the orc's attack. x2
The orc hits you with a +0 halberd!
* * * LOW HITPOINT WARNING * * *
You block the orc warrior's attack. The orc warrior is pulled toward you!
Unknown command.
You hit the orc warrior but do no damage.
You hit the orc. x3; You block the orc's attack. x3
The orc warrior hits you with a +0 trident.
* * * LOW HITPOINT WARNING * * *
The orc barely misses you. You block the orc's attack.
Unknown command.
You hit the orc warrior but do no damage.
You hit the orc but do no damage. x3; You block the orc's attack. x2
The orc warrior hits you with a +0 trident.
You die...

##.≈.≈≈.c...≈≈.≈.
#.≈≈.≈≈≈.≈≈≈.≈≈.
.
#..≈≈..≈.≈..≈≈..
.. #.⌠.≈≈≈...≈≈
... ....#####
.......⌠#######
#....ooo.......
#....o@o......
#########+++##


You could see an orc warrior and 4 orcs.

Vanquished Creatures
  A komodo dragon (D:7)
  A hornet (D:4)
  5 humans
  A steam dragon (D:7)
  2 water moccasins
  2 orc warriors
  2 sky beasts
  An ogre (D:5)
  A kobold brigand (D:7)
  A scorpion (D:5)
  3 wights
  2 howler monkeys (D:7)
  2 bullfrog zombies
  2 centaur zombies (D:6)
  A gnoll shaman (D:3)
  An orc priest (D:6)
  3 hounds
  3 iguanas
  A centaur skeleton (D:7)
  Terence (D:3)
  5 orc wizards
  A hound zombie (D:5)
  4 gnolls (D:3)
  A howler monkey skeleton (D:7)
  4 adders
  A white imp (D:7)
  An ufetubus (D:7)
  4 worms
  2 dart slugs
  29 orcs
  4 endoplasms
  2 giant cockroaches
  6 goblins
  5 hobgoblins
  5 jackals
  3 quokkas
  4 ball pythons
  11 bats
  2 frilled lizards (D:2)
  7 kobolds
  2 rats
139 creatures vanquished.

Vanquished Creatures (others)
  An orc (Bailey)
  A plant (D:1)
2 creatures vanquished.

Grand Total: 141 creatures vanquished

Notes
Turn   | Place    | Note
-------+----------+-------------------------------------------
     0 | D:5      | robertstho the Minotaur Delver began the quest for the Orb.
     0 | D:5      | Reached XP level 1. HP: 19/19 MP: 0/0
     9 | D:5      | Noticed a hound
    34 | D:5      | Noticed Grinder
   167 | D:4      | Noticed a hound
   204 | D:3      | Found a blossoming altar of Fedhas.
   857 | D:1      | Reached skill level 1 in Armour
  1091 | D:1      | Reached XP level 2. HP: 27/27 MP: 1/1
  1275 | D:1      | Found a faded altar of an unknown god.
  1450 | D:2      | Reached XP level 3. HP: 24/33 MP: 2/2
  1688 | D:2      | Reached skill level 2 in Armour
  1701 | D:2      | Found Pumulab's Antique Weapon Boutique.
  2402 | D:3      | Reached XP level 4. HP: 35/41 MP: 3/3
  2452 | D:3      | Noticed Terence
  2461 | D:3      | Reached skill level 3 in Armour
  2470 | D:3      | Killed Terence
  3225 | D:3      | Reached XP level 5. HP: 42/47 MP: 4/4
  3857 | D:4      | Reached skill level 4 in Armour
  3896 | D:4      | Noticed a water moccasin
  3911 | D:4      | Killed a water moccasin
  3912 | D:4      | Reached skill level 5 in Fighting
  3912 | D:4      | Reached skill level 5 in Axes
  3912 | D:4      | Reached XP level 6. HP: 41/56 MP: 5/5
  4132 | D:4      | Noticed a hornet
  4151 | D:4      | Killed a hornet
  4152 | D:4      | Reached skill level 5 in Armour
  4152 | D:4      | Reached skill level 1 in Shields
  4152 | D:4      | Reached XP level 7. HP: 15/61 MP: 6/6
  5075 | D:5      | Reached skill level 6 in Armour
  5755 | D:5      | Reached XP level 8. HP: 56/70 MP: 7/7
  5867 | D:5      | Found a staircase to the Ecumenical Temple.
  6062 | Temple   | Entered the Ecumenical Temple
  6365 | Temple   | Became a worshipper of the Shining One
  6557 | D:6      | Reached skill level 7 in Armour
  6571 | D:6      | Reached skill level 1 in Invocations
  7905 | D:7      | Reached * piety under the Shining One
  8071 | D:7      | Noticed a komodo dragon
  8112 | D:6      | Reached skill level 8 in Armour
  8112 | D:6      | Reached XP level 9. HP: 41/79 MP: 9/9
  8290 | D:7      | Killed a komodo dragon
  8622 | D:7      | Reached skill level 5 in Shields
  9513 | D:8      | Reached skill level 9 in Armour
  9588 | D:8      | Found a flagged portal.
  9601 | Bailey   | Entered a bailey
  9634 | Bailey   | Slain by an orc warrior

Illustrated notes

Levels and vault maps discovered:
D:1:      tarquinn_simple_flora_water_d, layout_basic,
          chequers_ecumenical_altar_lobes
D:2:      layout_loops_ring, serial_shops, nicolae_shop_stone
D:3:      layout_basic, old_standard_altar, kennysheep_generic_room_9,
          uniq_terence
D:4:      layout_loops_ring, chequers_serial_rivers_large_b
D:5:      layout_basic, minmay_temple_entry_statues_pillars, uniq_grinder
D:6:      layout_basic
D:7:      layout_cave_pools, hangedman_abyss_or_decor_slice, minmay_ruffians
D:8:      layout_cave_pods, grunt_lair_entry_orc_guard_hut, enter_bailey_3
Temple:   regret_index_temple_sigil_plot
Bailey:   bailey_polearm_flooded_kennysheep, bailey

Skill      XL: |  1  2  3  4  5  6  7  8  9 |
---------------+----------------------------+-----
Armour         | 1 2 3 4 5 6 8 9 |  9.0
Fighting       | 4 5 6 7 |  7.6
Axes           | 3 4 5 6 7 8 |  8.0
Dodging        | 3 4 |  4.4
Shields        | 1 2 4 5 |  5.4
Invocations    | 2 3 |  3.5
Stealth        | |  4.1

Action                   |  1- 3 |  4- 6 |  7- 9 || total
-------------------------+-------+-------+-------++-------
Melee: Hand axe          |    81 |   100 |   341 ||   522
       Headbutt          |    10 |    20 |    64 ||    94
  Use: Scroll            |     9 |       |     7 ||    16
       Potion            |     1 |     2 |     5 ||     8
 Stab: Sleeping          |     9 |       |       ||     9
Armor: Leather armour    |    10 |       |       ||    10
       Ring mail         |    26 |     7 |       ||    33
       Scale mail        |       |    44 |   185 ||   229
Dodge: Dodged            |    52 |    58 |   108 ||   218
Block: Tower shield      |       |    30 |   316 ||   346

Table legend: (Time is in decaauts)
 A = Elapsed time spent in this place.
 B = Non-inter-level travel time spent in this place.
 C = Inter-level travel time spent in this place.
 D = Time resting spent in this place.
 E = Time spent auto-exploring this place.
 F = Levels seen in this place.
 G = Mean time per level.
                   A        B        C        D        E       F      G
               +--------+--------+--------+--------+--------+-----+--------+
         Total |   9841 |   9463 |    378 |   1500 |   6315 |  10 |  984.1 |
       Dungeon |   9487 |   9157 |    330 |   1500 |   6045 |   8 | 1185.9 |
        Temple |    318 |    271 |     47 |      0 |    270 |   1 |  318.0 |
        Bailey |     35 |     35 |      0 |      0 |      0 |   1 |   35.0 |
               +--------+--------+--------+--------+--------+-----+--------+

Top non-repeatable levels by time:
     D:6: 1905 daAuts
     D:2: 1563 daAuts
     D:5: 1407 daAuts
     D:3: 1216 daAuts
     D:4: 1211 daAuts
     D:7: 993 daAuts
     D:1: 798 daAuts
     D:8: 391 daAuts
  Temple: 318 daAuts
  Bailey: 35 daAuts
